Unix NetHack Version 5.0.0-0 post-release - last build Jun 10 2026 00:39:30 (3ee93aec679c4c4259841fe613dc97188e26a321,branch:main).

Game began 2026-06-21 09:04:06, ended 2026-06-21 09:18:55.

LDaviesPeters, neutral female human Archeologist

                   -----------
                 ##......<...|                 ---+---      --------------
                 # |.........|                 |.....|      |............|
              #### |.........|     -----       |.....|      |............|
              #    |.........-####@o...|## ####......|     #.............|
              #    ------.----  ###|...-####   -|-.-.-     #|............|
              #          ###### ----...|        # # ##     #--------------
              #               ##|......|        # ## #    ##
 ------------ #                #|......|        #  #####  #
 |..........| #                #|......|        ##  #  #  #
 |..........|##                #-.---.--         #  #  #  #
 |...........#                 ###   #         --.--.--.- #
 |..........|                    #####         |....)%..-##
 |..........|             -----------+----     |.....>..|
 |...........##`          |....*.........|     |........|
 ------------             |%]!%/%!%+(+!+(|     |..).....|
                          |[..!*?%!??))+?|     ----------
                          ----------------

LDaviesPeters the Field Worker  St:15 Dx:8 Co:11 In:16 Wi:15 Ch:13  Neutral
Dlvl:3  $:20 HP:0(34) Pw:14(14) AC:5  Xp:4 T:1913 

Latest messages:
 You stop.  Your little dog is in the way!
 Pick a monster, object or location.
 d        a dog or other canine (tame little dog, can't move (paralyzed or sleeping or busy))
 You destroy the manes!
 You hear someone cursing shoplifters.
 You miss the kobold lady.
 The kobold lady misses!
 You lash the kobold lady.
 You lash the kobold lady.
 You miss the kobold lady.
 The kobold lady hits!
 You kill the kobold lady!
 Welcome to experience level 4.
 There is an open door here.
 You see here a scroll labeled KERNOD WEL.
 You lash the manes.
 The manes hits!
 The manes hits again!
 The manes bites!
 You destroy the manes!
 You decipher the label on your scroll labeled KERNOD WEL.
 K - a scroll of magic mapping.
 You hear some noises in the distance.
 You lash the shrieker.
 You miss the shrieker.
 You lash the shrieker.
 You lash the shrieker.
 You lash the shrieker.
 You kill the shrieker!
 What do you want to use or apply? [abfgkp or ?*] p
 You now wield a +0 pick-axe.
 In what direction do you want to dig? [78963>] 6
 You start digging.
 You hit the rock with all your might.
 You make an opening in the wall.
 What do you want to wield? [- ampr or ?*] a
 a - a +2 bullwhip (weapon in right hand).
 The hobgoblin swings his curved sword.
 The hobgoblin hits!
 You lash the hobgoblin.
 The hobgoblin swings his curved sword.
 The hobgoblin misses!
 You lash the hobgoblin.
 The hobgoblin swings his curved sword.
 The hobgoblin hits!
 You miss the hobgoblin.
 The hobgoblin swings his curved sword.
 The hobgoblin hits!
 You die...
 Do you want your possessions identified? [ynq] (y) q

Inventory:
 Coins    ('$')
  $ - 20 gold pieces
 Weapons  (')')
  r - a +0 dagger
  m - 3 +0 orcish daggers
  a - a +2 bullwhip (weapon in right hand)
 Armor    ('[')
  c - an uncursed +0 fedora
  I - a blessed +0 orcish helm
  J - an uncursed +0 orcish helm (being worn)
  j - an uncursed +0 cloak of protection (being worn)
  s - an uncursed +1 dwarvish cloak
  h - an uncursed +0 leather jacket (being worn)
 Comestibles  ('%')
  y - an uncursed slime mold
  d - 2 uncursed food rations
 Scrolls  ('?')
  K - a cursed scroll of magic mapping
 Tools    ('(')
  b - an uncursed sack containing 6 items
  k - an uncursed lock pick
  p - a +0 pick-axe
  f - a tinning kit (0:66)
 Gems/Stones  ('*')
  g - an uncursed touchstone

Contents of the sack:
  21 gold pieces
  an uncursed scroll of create monster
  a blessed scroll of enchant armor
  a blessed scroll of gold detection
  an uncursed potion of invisibility
  an uncursed potion of extra healing

LDaviesPeters the Archeologist's attributes:

Background:
 You were a Field Worker, a level 4 female human Archeologist.
 You were neutral, nominally on a mission for Camaxtli
 who was opposed by Quetzalcoatl (lawful) and Huhetotl (chaotic).
 You were right-handed.
 You were in the Dungeons of Doom, on level 3.
 You entered the dungeon 1913 turns ago.
 You had 93 experience points, 67 more were needed to attain level 5.

Basics:
 You had 0 out of 34 hit points.
 You had all 14 energy points (spell power).
 Your armor class was 5.
 Your wallet contained 20 zorkmids, and
 you had 21 more stashed away in your pack.
 Autopickup was off.

Final Characteristics:
 Your strength was 15 (limit:18/100).
 Your dexterity was 8 (limit:18).
 Your constitution was 11 (limit:18).
 Your intelligence was 16 (limit:18).
 Your wisdom was 15 (limit:18).
 Your charisma was 13 (limit:18).

Final Status:
 You weren't hungry.
 You were unencumbered.
 You were wielding a whip.
 You had basic skill with whip.

Final Attributes:
 You were devoutly aligned.
 You had automatic searching.
 You were protected.
 You are dead.

Miscellaneous:
 You didn't encounter any bones levels.
 Total elapsed playing time was 14 minutes and 48 seconds.

Major events:
 Turn
    1: LDaviesPeters the neutral female human Archeologist entered the dungeon
  953: attained the rank of Field Worker (level 3)
 1913: killed by a hobgoblin

You didn't know any spells.

Skills:
 Fighting Skills
   bare handed combat [Unskilled]
   two weapon combat  [Unskilled]
   riding             [Unskilled]
 Weapon Skills
   dagger             [Unskilled]
   knife              [Unskilled]
   pick-axe           [Basic]
   short sword        [Unskilled]
   saber              [Unskilled]
   club               [Unskilled]
   quarterstaff       [Unskilled]
   sling              [Unskilled]
   dart               [Unskilled]
   boomerang          [Unskilled]
   whip               [Basic]
   unicorn horn       [Unskilled]
 Spellcasting Skills
   attack spells      [Unskilled]
   healing spells     [Unskilled]
   divination spells  [Unskilled]
   matter spells      [Unskilled]

Voluntary challenges:
 Character rerolling was not enabled.
 You were an atheist.
 You never genocided any monsters.
 You never polymorphed an object.
 You never changed form.
 You used no wishes.
Achievements:
 You attained the rank of Field Worker.
 You entered a shop.

 The Dungeons of Doom: levels 1 to 3
    Level 1:
       Some fountains.
    Level 2:
       A fountain.
    Level 3: <- You were here.
       A general store.
       Final resting place for
          you, killed by a hobgoblin.


Vanquished creatures:
  3 shriekers
  a homunculus
  a kobold leader
  a hobbit
  2 manes
  a hobgoblin
  2 giant rats
  3 jackals
  a fox
  4 goblins
  2 sewer rats
  2 grid bugs
  4 newts
27 creatures vanquished.

No species were genocided or became extinct.

Game over:
                       ----------
                      /          \
                     /    REST    \
                    /      IN      \
                   /     PEACE      \
                  /                  \
                  |  LDaviesPeters   |
                  |      41 Au       |
                  |   killed by a    |
                  |    hobgoblin     |
                  |                  |
                  |                  |
                  |       2026       |
                 *|     *  *  *      | *
        _________)/\\_//(\/(/\)/\//\/|_)_______

Goodbye LDaviesPeters the Archeologist...

You died in The Dungeons of Doom on dungeon level 3 with 509 points,
and 41 pieces of gold, after 1913 moves.
You were level 4 with a maximum of 34 hit points when you died.

